 Dungeon Sprint DCSS version 0.28.0-43-g3370ac3207 (webtiles) character file.

Game seed: 11083862078321981053

380 boopmooplesden the Cleaver (level 6, -5/68 HPs)
             Began as a Minotaur Berserker on Mar 9, 2022.
             Was a Believer of Trog.
             Slain by a neqoxec (7 damage)
             ... in the Dungeon (Sprint II: "The Violet Keep of Menkaure").
             The game lasted 00:00:16 (31 turns).

boopmooplesden the Cleaver (Minotaur Berserker)       Turns: 31, Time: 00:00:16

Health: -5/68      AC:  1    Str: 24      XL:     6   Next: 46%
Magic:  4/4        EV: 12    Int:  3 (4)  God:    Trog [**....]
Gold:   0          SH:  0    Dex:  7      Spells: 5/5 levels left

rFire   . . .      SeeInvis .   a - +0 hand axe
rCold   . . .      Faith    .   (no shield)
rNeg    . . .      Spirit   .   b - +0 animal skin
rPois   .          Reflect  .   (helmet restricted)
rElec   .          Harm     .   (no cloak)
rCorr   .          Rampage  .   (no gloves)
Will    .....      NoTele   +   (no boots)
Stlth   +.........              (no amulet)
HPRegen 0.21/turn               (no ring)
MPRegen 0.09/turn               (no ring)

@: on berserk cooldown, slowed, very slow
A: horns 2, retaliatory headbutt, clumsy 1, deformed body, low MP 1
a: Renounce Religion, Berserk, Trog's Hand


You were in the Dungeon.
You worshipped Trog.
Trog was pleased with you.
You visited 1 branch

Inventory:

Hand Weapons
 a - a +0 hand axe (weapon)
Armour
 b - a +0 animal skin (worn)
Scrolls
 h - a scroll of blinking
Potions
 c - a potion of curing
 e - a potion of haste
 f - 2 potions of magic
 g - a potion of berserk rage


   Skills:
 + Level 11.0 Fighting
 + Level 11.3 Axes
 + Level 5.8 Armour
 + Level 5.1 Dodging


You had 5 spell levels left.
You didn't know any spells.
Your spell library was empty.

Dungeon Overview and Level Annotations

Branches:
Dungeon (1/1)

Altars:


Innate Abilities, Weirdness & Mutations

You have a pair of horns on your head.
You reflexively headbutt those who attack you in melee.
You are clumsy. (Dex -2)
Armour fits poorly on your strangely shaped body.
Your magical capacity is low. (-10% MP)


Message History

The neqoxec is moderately wounded.
The neqoxec hits you!
You barely miss the neqoxec.
The neqoxec is moderately wounded.
The neqoxec hits you!
* * * LOW HITPOINT WARNING * * *
The neqoxec hits you!
* * * LOW HITPOINT WARNING * * *
You closely miss the neqoxec.
The neqoxec is moderately wounded.
The neqoxec closely misses you. You furiously retaliate!
You headbutt the neqoxec, but do no damage.
You barely miss the neqoxec.
The neqoxec is moderately wounded.
The neqoxec barely misses you.
You slash the neqoxec!
The neqoxec is heavily wounded.
The neqoxec barely misses you.
You closely miss the neqoxec. Your headbutt misses the neqoxec.
The neqoxec is heavily wounded.
The neqoxec hits you!
* * * LOW HITPOINT WARNING * * *
You slash the neqoxec!
The neqoxec is almost dead.
The neqoxec gestures at you.
Strange energies course through your body.
You feel clumsy.
You closely miss the neqoxec.
The neqoxec is almost dead.
The neqoxec hits you.
* * * LOW HITPOINT WARNING * * *
The neqoxec gestures at you.
You feel dopey. Something feeds on your intellect!
Unknown command.
Unknown command.
You barely miss the neqoxec.
The neqoxec is almost dead.
The neqoxec hits you!
You die...

###
##
..##.
.$.
#3#
##@##
+.<.+
##.##
#+#


You could see a neqoxec.

Vanquished Creatures
  3 neqoxecs (D)
3 creatures vanquished.

Notes
Turn   | Place    | Note
-------+----------+-------------------------------------------
     0 | D        | boopmooplesden the Minotaur Berserker began the quest for
                  | the Orb.
     0 | D        | Reached XP level 1. HP: 19/19 MP: 0/0
     1 | D        | Noticed a neqoxec
     1 | D        | Noticed a neqoxec
     1 | D        | Noticed a neqoxec
     1 | D        | Noticed a neqoxec
     1 | D        | Gained mutation: Armour fits poorly on your strangely
                  | shaped body. [a neqoxec]
    10 | D        | Killed a neqoxec
    10 | D        | Gained mutation: Your magical capacity is low. (-10% MP) [a
                  | neqoxec]
    11 | D        | Reached XP level 2. HP: 12/35 MP: 0/0
    11 | D        | Reached XP level 3. HP: 14/40 MP: 1/1
    11 | D        | Reached XP level 4. HP: 17/48 MP: 2/2
    13 | D        | Killed a neqoxec
    14 | D        | Reached skill level 10 in Axes
    14 | D        | Reached skill level 5 in Armour
    14 | D        | Reached XP level 5. HP: 8/58 MP: 3/3
    19 | D        | Killed a neqoxec
    19 | D        | Reached ** piety under Trog
    20 | D        | Reached skill level 5 in Dodging
    20 | D        | Reached XP level 6. HP: 6/68 MP: 4/4
    29 | D        | Gained mutation: You are clumsy. (Dex -2) [a neqoxec]
    30 | D        | HP: 1/68 [neqoxec (3)]
    31 | D        | Slain by a neqoxec

Illustrated notes

Levels and vault maps discovered:
D:        the_violet_keep_of_menkaure [sprint2_stairs_cluster_1,
          sprint2_shoproom, sprint2_temple, sprint2_basic_supplies,
          sprint2_obstacle_2, sprint2_obstacle_5, sprint2_obstacle_1,
          sprint2_obstacle_6, sprint2_obstacle_3, sprint2_timed_cluster_1,
          sprint2_smallroom_cluster_1, sprint2_smallroom_final_cluster_1,
          sprint2_transparent_cluster_1, sprint2_second_timed_cluster_1,
          sprint2_sniper_area_1, sprint2_heavy_combat_area_1,
          sprint2_mutation_trap_area_1, sprint2_forest_area_1,
          sprint2_light_combat_area_1, sprint2_behind_water_1,
          sprint2_near_end_vault_1]

Skill      XL: |  1  2  3  4  5 |
---------------+----------------+-----
Fighting       | 8 9 11 | 11.0
Axes           | 8 10 11 | 11.3
Armour         | 4 5 |  5.8
Dodging        | 3 4 5 |  5.1

Action                   |  1- 3 |  4- 6 || total
-------------------------+-------+-------++-------
Melee: Hand axe          |     8 |    20 ||    28
       Headbutt          |       |     1 ||     1
       Punch             |       |     1 ||     1
Invok: Berserk           |     1 |       ||     1
  Use: Potion            |       |     1 ||     1
Dodge: Dodged            |     3 |     4 ||     7
